 Dungeon Crawl Stone Soup version 0.17-a0-777-g32247ce (webtiles) character file.

50 Pnognoglozu the Skirmisher (level 3, -6/29 HPs)
             Began as a Demonspawn Abyssal Knight on Apr 25, 2015.
             Was a Follower of Lugonu.
             Mangled by an orc
             ... wielding a +0 flail
              (7 damage)
             ... on level 3 of the Dungeon.
             The game lasted 00:04:47 (1871 turns).

Pnognoglozu the Skirmisher (DsAK)                   Turns: 1871, Time: 00:04:49

Health: -6/29      AC:  4    Str: 12    XL:     3   Next: 55%
Magic:  0/5        EV: 11    Int: 13    God:    Lugonu [*.....]
Gold:   141        SH:  0    Dex: 13    Spells: 0 memorised, 2 levels left

rFire  . . .     SeeInvis .     a - +1 falchion
rCold  . . .     Clarity  .     b - +0 leather armour
rNeg   . . .     SustAb   .     (no shield)
rPois  .         Gourm    .     (no helmet)
rElec  .         Spirit   +     (no cloak)
rCorr  .         Warding  .     o - +0 pair of gloves
rMut   .         Stasis   .     (no boots)
MR     .....                    (no amulet)
Stlth  +.........               (no ring)
                                (no ring)

@: drained, not resistant to hostile enchantments, very unstealthy
A: magic shield, magic regeneration
a: Depart the Abyss, Renounce Religion


You were on level 3 of the Dungeon.
You worshipped Lugonu.
Lugonu was aware of your devotion.
You were not hungry.

You visited 1 branch of the dungeon, and saw 3 of its levels.
You visited the Abyss 1 time.

You collected 141 gold pieces.

Inventory:

Hand weapons
 a - a +1 falchion (weapon)
 l - a +2 short sword of draining
 r - a cursed -3 scythe
Armour
 b - a +0 leather armour (worn)
 g - a +0 plate armour
 o - a +0 pair of gloves (worn)
 q - a +0 helmet
Jewellery
 h - a cursed ring of teleportation {unknown}
Scrolls
 e - 2 scrolls of identify {unknown}
 i - a scroll of enchant armour {unknown}
 k - 3 scrolls of remove curse {unknown}
 p - a scroll of amnesia {unknown}
Potions
 d - 2 potions of restore abilities {unknown}
 j - 3 potions of might {unknown}
 m - a potion of brilliance {unknown}
 s - a potion of cancellation {unknown}
Comestibles
 c - a bread ration
 f - 4 chunks of flesh
 n - 2 meat rations


   Skills:
 + Level 3.4(2.9) Fighting
 + Level 2.2(1.7) Long Blades
 + Level 2.2(1.8) Armour
 + Level 1.2(0.8) Dodging
 + Level 3.2(2.7) Invocations


You had 2 spell levels left.
You didn't know any spells.

Dungeon Overview and Level Annotations

Branches:
Dungeon (3/15)

Altars:
Cheibriados
Elyvilon

Annotations:
D:3 Nr616's ghost, average NaMo


Innate Abilities, Weirdness & Mutations

When hurt, damage is shared between your health and your magic reserves.
You regenerate magic rapidly.


Message History

The orc wizard hits you with a dagger. The bat barely misses you.
The orc closely misses you.
You hit the bat.
You kill the bat!
Lugonu accepts your kill. The orc barely misses you.
The orc wizard hits you with a dagger. The orc hits you with a club.
You closely miss the orc. The orc hits you with a flail.
* * * LOW HITPOINT WARNING * * *
The orc wizard hits you with a dagger.
* * * LOW HITPOINT WARNING * * *
The orc closely misses you.
You barely miss the orc wizard.
The orc wizard is severely wounded.
You feel less confused.
The orc wizard gestures at you while chanting.
The puff of flame hits you!
* * * LOW HITPOINT WARNING * * *
The orc hits you with a flail!
You die...

#.. #.. .####..
........ #.##
#......## #.#...
##.......##.#.#.##
#..........#...#...
#.....oo........#..#
#.##..o@#...........%
.......†..W.........#
?.#######...$......#
#.#.....#..#
#.##.......#
#.###.#.#.##
#.##.......#
#.##.......#
#.##...÷...#


You could see an orc wizard, Nr616's ghost and 2 orcs.

Vanquished Creatures
  An adder (D:2)
  A giant gecko (D:3)
  3 ball pythons
  7 bats
  6 goblins
  2 hobgoblins (D:1)
  4 jackals (D:1)
  4 kobolds
  2 giant cockroaches
  A giant newt (D:2)
  A quokka (D:2)
  6 rats
38 creatures vanquished.

Vanquished Creatures (others)
  8 starspawn tentacle segments (Abyss:1)
8 creatures vanquished.

Grand Total: 46 creatures vanquished

Notes
Turn   | Place    | Note
--------------------------------------------------------------
     0 | Abyss:1  | Pnognoglozu, the Demonspawn Abyssal Knight, began the quest for the Orb.
     0 | Abyss:1  | Reached XP level 1. HP: 18/18 MP: 2/2
    46 | Abyss:1  | Noticed a tentacled starspawn
    52 | Abyss:1  | Noticed a tentacled starspawn
    54 | D:1      | Escaped the Abyss
    98 | D:1      | Acquired Lugonu's first power
    98 | D:1      | Reached skill level 1 in Dodging
   236 | D:1      | Gained mutation: When hurt, damage is shared between your health and your magic reserves. [demonic ancestry]
   236 | D:1      | Reached XP level 2. HP: 22/24 MP: 3/3
  1103 | D:2      | Found a snail-covered altar of Cheibriados.
  1187 | D:2      | Gained mutation: You regenerate magic rapidly. [demonic ancestry]
  1187 | D:2      | Reached XP level 3. HP: 20/29 MP: 3/5
  1350 | D:2      | Found a white marble altar of Elyvilon.
  1851 | D:3      | Noticed Nr616's ghost (average NaMo)
  1871 | D:3      | HP: 1/29 [orc wizard/puff of flame (6)]
  1871 | D:3      | Mangled by an orc

Action                   || total
-------------------------++-------
Melee: Falchion          ||   149
Invok: Depart the Abyss  ||     1
 Stab: Sleeping          ||     1
  Eat: Chunk             ||     3
